AoeStats
← tabinoko

Black Forest

509952214Analyzed
4v4 RM · 3d ago on Sep 28, 2026· 54m 52s· 8 players
Game mode
Random Map
Map size
Large (8 player)
Population
200
Speed
Normal
Resources
Standard
Victory
Conquest
Starting age
Dark Age
Ending age
Imperial Age
RankedLock teamsTeams togetherTeam positionsShared explorationLock speedFull tech treeHidden civsTurbo modeCheats
Victory
Defeat
🇨🇿 Bulgarians · Czechia
853
+15
🇯🇵 Khmer · Japan
778
+18
🇩🇪 Franks · Germany
755
+19
🇬🇧 Portuguese · United Kingdom
754
+18
🇮🇹 Persians · Italy
846
-19
🇹🇷 Britons · Türkiye
827
-18
🇹🇷 Spanish · Türkiye
811
-17
🇹🇷 Italians · Türkiye
783
-16
theskemp
0:36 Loom
12:54 Feudal Age
13:14 Double-Bit Axe
13:13 Horse Collar
21:14 Castle Age
19:49 Gold Mining
19:52 Stone Mining
22:24 Bow Saw
22:18 Heavy Plow
30:35 Gold Shaft Mining
34:11 Imperial Age
32:19 Wheelbarrow
33:20 Hand Cart
34:32 Pikeman
35:27 Town Watch
35:16 Halberdier
36:40 Crop Rotation
37:17 Two-Man Saw
36:56 Stone Shaft Mining
38:53 Town Patrol
40:14 Chemistry
40:58 Heavy Scorpion
44:32 Caravan
45:02 Coinage
44:38 Elite War Elephant
45:15 Arson
49:39 Ballistics
49:15 Murder Holes
50:07 Conscription
Policeman038625
0:40 Loom
2:27 Loom
11:47 Feudal Age
13:09 Gold Mining
13:12 Stone Mining
13:15 Double-Bit Axe
13:15 Horse Collar
13:31 Gold Mining
13:40 Stone Mining
20:47 Castle Age
21:29 Wheelbarrow
25:14 Hand Cart
27:53 Town Watch
28:33 Heavy Plow
28:47 Bow Saw
32:24 Imperial Age
30:12 Gold Mining
32:29 Stone Shaft Mining
32:00 Town Patrol
35:23 Two-Man Saw
36:03 Conscription
37:54 Chemistry
37:14 Ballistics
36:46 Arson
37:02 Squires
36:47 Gambesons
36:24 Pikeman
36:24 Man-at-Arms
40:20 Elite Conquistador
42:31 Fletching
42:43 Scale Mail Armor
45:21 Halberdier
46:44 Man-at-Arms
49:33 Long Swordsman
51:46 Two-Handed Swordsman
52:29 Husbandry
52:40 Bloodlines
51:50 Cavalier
52:39 Caravan
52:49 Light Cavalry
54:06 Hussar
SeçkinA.
0:28 Loom
10:41 Feudal Age
19:15 Castle Age
17:29 Double-Bit Axe
17:50 Horse Collar
18:03 Gold Mining
18:29 Stone Mining
22:52 Bow Saw
23:55 Heavy Plow
24:30 Pikeman
24:56 Gambesons
25:12 Squires
25:32 Treadmill Crane
28:42 Wheelbarrow
28:24 Caravan
32:29 Imperial Age
31:34 Yeomen
32:26 Gold Shaft Mining
32:02 Caravan
32:11 Murder Holes
32:48 Ballistics
32:33 Padded Archer Armor
32:34 Scale Mail Armor
33:29 Hand Cart
34:51 Two-Man Saw
34:45 Elite Longbowman
36:05 Leather Archer Armor
37:42 Chemistry
36:41 Fletching
37:17 Chain Mail Armor
38:26 Ring Archer Armor
41:12 Plate Mail Armor
BURKUT
0:54 Loom
14:26 Feudal Age
14:54 Double-Bit Axe
16:53 Gold Mining
17:10 Stone Mining
22:24 Castle Age
23:54 Wheelbarrow
23:35 Bow Saw
23:30 Gold Mining
31:37 Horse Collar
35:03 Imperial Age
33:40 Heavy Plow
35:52 Hand Cart
37:05 Chemistry
38:03 Arson
IchPieksDich
0:35 Loom
14:16 Feudal Age
18:58 Castle Age
17:21 Double-Bit Axe
17:43 Stone Mining
18:01 Gold Mining
21:28 Wheelbarrow
21:09 Bow Saw
22:20 Gold Shaft Mining
22:34 Caravan
31:14 Imperial Age
29:20 Hand Cart
28:57 Town Watch
29:32 Scale Barding Armor
30:19 Husbandry
29:40 Light Cavalry
30:40 Forging
30:52 Chain Barding Armor
31:32 Iron Casting
32:15 Conscription
31:24 Cavalier
32:48 Plate Barding Armor
33:14 Blast Furnace
33:00 Paladin
41:08 Chivalry
Tomas18078
1:20 Loom
14:51 Feudal Age
15:34 Double-Bit Axe
16:51 Gold Mining
21:44 Castle Age
20:11 Stone Mining
20:11 Horse Collar
20:53 Fishing Lines
21:30 Town Watch
22:50 Bow Saw
22:55 Heavy Plow
26:23 Gillnets
27:46 Wheelbarrow
30:52 Hand Cart
34:53 Imperial Age
32:16 Gambesons
32:34 Squires
32:38 Scale Mail Armor
32:51 Forging
34:48 Arson
34:58 Fletching
35:23 Chain Mail Armor
35:18 Bodkin Arrow
35:12 Onager
38:20 Crop Rotation
38:59 Bracer
39:29 Plate Mail Armor
39:45 Padded Archer Armor
40:45 Caravan
42:05 Iron Casting
41:37 Scale Barding Armor
42:07 Stirrups
42:18 Bagains
43:20 Capped Ram
44:02 Siege Ram
45:48 Siege Onager
50:28 Pikeman
52:10 Blast Furnace
51:31 Chain Barding Armor
51:28 Leather Archer Armor
51:51 Halberdier
tabinoko
13:48 Feudal Age
15:05 Wheelbarrow
14:46 Double-Bit Axe
17:15 Fishing Lines
18:47 Gold Mining
20:04 Horse Collar
25:19 Castle Age
23:37 Stone Mining
26:59 Hand Cart
27:00 Bow Saw
27:08 Caravan
27:52 Heavy Plow
28:03 Gillnets
29:07 Town Watch
32:08 Stone Shaft Mining
32:09 Gold Shaft Mining
33:20 Fortified Wall
33:06 Murder Holes
33:30 Scale Barding Armor
33:25 Scale Mail Armor
33:26 Padded Archer Armor
33:16 Fletching
33:37 Forging
34:34 Town Patrol
34:21 Loom
36:40 Leather Archer Armor
36:20 Bodkin Arrow
37:01 Iron Casting
36:47 Chain Barding Armor
36:42 Chain Mail Armor
36:41 Masonry
36:26 Pikeman
37:41 Bloodlines
36:52 Light Cavalry
37:32 Husbandry
37:26 Elite Skirmisher
37:57 Man-at-Arms
44:25 Imperial Age
45:30 Conscription
44:32 Elite Ballista Elephant
45:26 Bracer
45:57 Ring Archer Armor
45:09 Long Swordsman
46:10 Double Crossbow
45:35 Heavy Scorpion
47:47 Ring Archer Armor
53:29 Siege Engineers
53:55 Architecture
54:26 Chemistry
54:23 Crop Rotation
Brido1970
13:03 Feudal Age
17:07 Castle Age
16:25 Gold Mining
17:30 Double-Bit Axe
18:52 Bow Saw
19:35 Horse Collar
21:16 Heavy Plow
22:53 Wheelbarrow
28:47 Imperial Age
26:43 Fletching
27:05 Forging
26:56 Stone Mining
27:49 Caravan
28:43 Hand Cart
28:14 Loom
29:15 Stone Shaft Mining
29:16 Bodkin Arrow
32:20 Two-Man Saw
31:28 Scale Mail Armor
31:32 Cavalier
34:02 Ballistics
34:43 Chemistry
34:19 Bracer
34:55 Iron Casting
35:12 Conscription
35:17 Onager
36:44 Bloodlines
36:36 Husbandry
36:56 Scale Barding Armor
37:53 Blast Furnace
41:00 Chain Barding Armor
40:42 Padded Archer Armor
44:37 Pikeman
44:46 Elite Organ Gun
47:23 Masonry
47:34 Bombard Tower
47:04 Halberdier
Connection lost

Rejoining the realm…

Still unreachable

The connection could not be restored.

Session expired

The server has moved on; the page needs a fresh start.